MWL (24 & UNDER)
MANHATTEN MEATHEADS @ CINCINNATI PRIDE
09/06/2028
 
TOP OF THE 1ST
Manhatten Meatheads batting - Pitching for Cincinnati Pride : LHP Pedro Castro
Pitching: LHP Pedro Castro
Batting: LHB Eric Dillard 0-0: Called Strike
0-1: Ball
1-1: Foul Ball, location: 2F
1-2: Strikes out looking
Batting: RHB George Green 0-0: Hit by Pitch
Batting: LHB Manuel Ortega 0-0: Ground out 6-3 (Groundball, 6MS)
George Green to second
Batting: RHB Jeff Vickers 0-0: Ground out 5-3 (Groundball, 5S)
Top of the 1st over - 0 run(s), 0 hit(s), 0 error(s), 1 left on base; Manhatten 0 - Cincinnati 0
BOTTOM OF THE 1ST
Cincinnati Pride batting - Pitching for Manhatten Meatheads : LHP Anthony Robinson
Pitching: LHP Anthony Robinson
Batting: RHB Dan McKay 0-0: Ball
1-0: Called Strike
1-1: Foul Ball, location: 2F
1-2: Ball
2-2: Ball
3-2: Base on Balls
Batting: LHB Will O'Dell 0-0: Ball
1-0: Ball
2-0: Grounds into double play, 4-6-3 (Groundball, 4)
Batting: RHB Jorge Flores 0-0: Ball
1-0: Foul Ball, location: 2F
1-1: Ball
2-1: Ball
3-1: Called Strike
3-2: Ground out 6-3 (Groundball, 6)
Bottom of the 1st over - 0 run(s), 0 hit(s), 0 error(s), 0 left on base; Manhatten 0 - Cincinnati 0
TOP OF THE 2ND
Manhatten Meatheads batting - Pitching for Cincinnati Pride : LHP Pedro Castro
Batting: RHB Manny Velásquez 0-0: Called Strike
0-1: Foul Ball, location: 2F
0-2: Strikes out swinging
Batting: LHB Brent Haynes 0-0: Called Strike
0-1: Swinging Strike
0-2: Ball
1-2: Foul Ball, location: 2F
1-2: Foul Ball, location: 2F
1-2: Strikes out swinging
Batting: SHB José Sousa 0-0: Called Strike
0-1: Ball
1-1: Swinging Strike
1-2: Ball
2-2: Ball
3-2: Base on Balls
Batting: RHB Tim Bonner 0-0: Swinging Strike
0-1: Ball
1-1: Foul Ball, location: 2F
1-2: Ball
2-2: Foul Ball, location: 2F
2-2: Strikes out swinging
Top of the 2nd over - 0 run(s), 0 hit(s), 0 error(s), 1 left on base; Manhatten 0 - Cincinnati 0
BOTTOM OF THE 2ND
Cincinnati Pride batting - Pitching for Manhatten Meatheads : LHP Anthony Robinson
Batting: LHB John Clark 0-0: Ball
1-0: Foul Ball, location: 2F
1-1: Ground out 4-3 (Groundball, 4)
Batting: RHB Bartolo Montero 0-0: Hit by Pitch
Batting: LHB Carl Hayden 0-0: Foul Ball, location: 2F
0-1: Ball
1-1: Grounds into double play, 6-4-3 (Groundball, 6)
Bottom of the 2nd over - 0 run(s), 0 hit(s), 0 error(s), 0 left on base; Manhatten 0 - Cincinnati 0
TOP OF THE 3RD
Manhatten Meatheads batting - Pitching for Cincinnati Pride : LHP Pedro Castro
Batting: RHB José Esparza 0-0: Ball
1-0: Called Strike
1-1: Ball
2-1: Ball
3-1: Foul Ball, location: 2F
3-2: Base on Balls
Batting: LHB Eric Dillard 0-0: Called Strike
0-1: Ball
1-1: Ball
2-1: Foul Ball, location: 2F
2-2: Strikes out swinging
José Esparza steals 2nd base
Batter strikes out.
Batting: RHB George Green 0-0: Ball
1-0: Fly out, F9 (Flyball, 89S)
Batting: LHB Manuel Ortega 0-0: Ball
1-0: Foul Ball, location: 2F
1-1: Called Strike
1-2: Fly out, F7 (Flyball, 7S)
Top of the 3rd over - 0 run(s), 0 hit(s), 0 error(s), 1 left on base; Manhatten 0 - Cincinnati 0
BOTTOM OF THE 3RD
Cincinnati Pride batting - Pitching for Manhatten Meatheads : LHP Anthony Robinson
Batting: RHB Francisco Domínguez 0-0: Ball
1-0: Ball
2-0: Swinging Strike
2-1: Ball
3-1: Bunted foul
3-2: Strikes out swinging
Batting: RHB Gary Miller 0-0: Ground out 6-3 (Groundball, 6)
Batting: SHB Keith Hale 0-0: Bunt for hit - play at first, batter OUT! 1-3
Bottom of the 3rd over - 0 run(s), 0 hit(s), 0 error(s), 0 left on base; Manhatten 0 - Cincinnati 0
TOP OF THE 4TH
Manhatten Meatheads batting - Pitching for Cincinnati Pride : LHP Pedro Castro
Batting: RHB Jeff Vickers 0-0: Foul Ball, location: 2F
0-1: Ball
1-1: Ball
2-1: Called Strike
2-2: Foul Ball, location: 2F
2-2: Strikes out swinging
Batting: RHB Manny Velásquez 0-0: Ball
1-0: Foul Ball, location: 2F
1-1: Ball
2-1: Called Strike
2-2: Strikes out looking
Batting: LHB Brent Haynes 0-0: Ball
1-0: SINGLE (Line Drive, 34)
Batting: SHB José Sousa 0-0: Called Strike
0-1: Swinging Strike
0-2: Ball
1-2: Ball
2-2: Ball
3-2: Ground out 5-3 (Groundball, 56)
Top of the 4th over - 0 run(s), 1 hit(s), 0 error(s), 1 left on base; Manhatten 0 - Cincinnati 0
BOTTOM OF THE 4TH
Cincinnati Pride batting - Pitching for Manhatten Meatheads : LHP Anthony Robinson
Batting: RHB Dan McKay 0-0: Ball
1-0: SOLO HOME RUN (Flyball, 7D), Distance : 399 ft
Batting: LHB Will O'Dell 0-0: Ground out 4-3 (Groundball, 4)
Batting: RHB Jorge Flores 0-0: Ball
1-0: SINGLE (Line Drive, 56)
Batting: LHB John Clark 0-0: Called Strike
0-1: Swinging Strike
0-2: DOUBLE (Flyball, 8LD)
Jorge Flores to third
Batting: RHB Bartolo Montero 0-0: Ball
1-0: Reached on error, E5 (Groundball, 56)
Jorge Flores scores
John Clark scores
Batting: LHB Carl Hayden 0-0: Foul Ball, location: 2F
0-1: Foul Ball, location: 2F
0-2: Ball
1-2: Ball
2-2: Fly out, F7 (Flyball, 7)
Batting: RHB Francisco Domínguez 0-0: Ball
1-0: Ball
2-0: Swinging Strike
2-1: Foul Ball, location: 2F
2-2: DOUBLE (Line Drive, 9LM)
Bartolo Montero scores
Batting: RHB Gary Miller 0-0: Swinging Strike
0-1: Ball
1-1: Foul Ball, location: 2F
1-2: Ball
2-2: Fly out, F9 (Flyball, 9LSF)
Bottom of the 4th over - 4 run(s), 4 hit(s), 1 error(s), 1 left on base; Manhatten 0 - Cincinnati 4
TOP OF THE 5TH
Manhatten Meatheads batting - Pitching for Cincinnati Pride : LHP Pedro Castro
Batting: RHB Tim Bonner 0-0: SINGLE (Line Drive, 7LS)
Batting: RHB José Esparza 0-0: Called Strike
0-1: Ball
1-1: SINGLE (Line Drive, 6MD)
Tim Bonner to second
Runner from 2nd tries for 3rd, SAFE, throw made to third
Batting: LHB Eric Dillard 0-0: Ball
1-0: Fielders Choice at 2nd, 4-6 (Groundball, 34)
Tim Bonner scores
Batting: RHB George Green 0-0: Ball
1-0: Ball
2-0: Ball
3-0: Fly out, F4 (Line Drive, 4M)
Batting: LHB Manuel Ortega 0-0: Ball
1-0: Called Strike
Eric Dillard is caught stealing 2nd base
Top of the 5th over - 1 run(s), 2 hit(s), 0 error(s), 0 left on base; Manhatten 1 - Cincinnati 4
BOTTOM OF THE 5TH
Cincinnati Pride batting - Pitching for Manhatten Meatheads : RHP Doug Acevedo
Pitching: RHP Doug Acevedo
Batting: SHB Keith Hale 0-0: Ball
1-0: Ball
2-0: Ball
3-0: Called Strike
3-1: Foul Ball, location: 2F
3-2: Base on Balls
Batting: RHB Dan McKay 0-0: Ball
1-0: Called Strike
1-1: Fly out, F9 (Flyball, 89M)
Batting: LHB Will O'Dell 0-0: Called Strike
0-1: Ball
1-1: Foul Ball, location: 2F
1-2: Foul Ball, location: 2F
1-2: Hit by Pitch
Keith Hale to second
Batting: RHB Jorge Flores 0-0: Called Strike
0-1: SINGLE (Line Drive, 78S)
Keith Hale to third
Will O'Dell to second
Batting: LHB John Clark 0-0: Ball
1-0: Swinging Strike
1-1: Fly out, F7 (Flyball, 78M)
Runner from 3rd tags up, SCORES, no throw
Batting: RHB Bartolo Montero 0-0: Hit by Pitch
Will O'Dell to third
Jorge Flores to second
Batting: LHB Carl Hayden 0-0: Ball
1-0: Foul Ball, location: 2F
1-1: Called Strike
1-2: Strikes out swinging
Bottom of the 5th over - 1 run(s), 1 hit(s), 0 error(s), 3 left on base; Manhatten 1 - Cincinnati 5
TOP OF THE 6TH
Manhatten Meatheads batting - Pitching for Cincinnati Pride : LHP Pedro Castro
Batting: LHB Manuel Ortega 0-0: Ball
1-0: Ball
2-0: Ball
3-0: Called Strike
3-1: Base on Balls
Pitching: RHP Basilio Bea
Batting: RHB Jeff Vickers 0-0: Called Strike
0-1: Fly out, F8 (Flyball, 78M)
Batting: RHB Manny Velásquez 0-0: Called Strike
0-1: Ball
1-1: Swinging Strike
1-2: Foul Ball, location: 2F
1-2: Strikes out looking
Batting: LHB Brent Haynes 0-0: Called Strike
0-1: Foul Ball, location: 2F
0-2: Ball
1-2: Ball
Manuel Ortega steals 2nd base
2-2: Strikes out swinging
Top of the 6th over - 0 run(s), 0 hit(s), 0 error(s), 1 left on base; Manhatten 1 - Cincinnati 5
BOTTOM OF THE 6TH
Cincinnati Pride batting - Pitching for Manhatten Meatheads : RHP Doug Acevedo
Batting: RHB Francisco Domínguez 0-0: Ball
1-0: Called Strike
1-1: Ball
2-1: Foul Ball, location: 2F
2-2: Ball
3-2: Fly out, F9 (Flyball, 9S)
Batting: RHB Gary Miller 0-0: Called Strike
0-1: Ball
1-1: Called Strike
1-2: Ball
2-2: Ball
3-2: Strikes out swinging
Batting: SHB Keith Hale 0-0: Ball
1-0: DOUBLE (Flyball, 78M)
Batting: RHB Dan McKay 0-0: Ball
1-0: Foul Ball, location: 2F
1-1: Foul Ball, location: 2F
1-2: Ball
2-2: Ball
3-2: Base on Balls
Batting: LHB Will O'Dell 0-0: Called Strike
0-1: Ball
1-1: Ball
2-1: Ball
3-1: Called Strike
3-2: Base on Balls
Keith Hale to third
Dan McKay to second
Batting: RHB Jorge Flores 0-0: Ball
1-0: Ball
2-0: Swinging Strike
2-1: DOUBLE (Line Drive, 7LS)
Keith Hale scores
Dan McKay scores
Will O'Dell to third
Batting: LHB John Clark 0-0: Ball
1-0: Swinging Strike
1-1: Foul Ball, location: 2F
1-2: SINGLE (Groundball, 34D)
Will O'Dell scores
Jorge Flores to third
Runner from 3rd tries for Home, SAFE, no throw
Pitching: RHP Glenn Ellison
Batting: RHB Bartolo Montero 0-0: Ball
1-0: Ball
2-0: Called Strike
2-1: Called Strike
2-2: Ball
3-2: SINGLE (Groundball, 56D)
John Clark to second
John Clark to third
Batting: LHB Carl Hayden 0-0: Called Strike
0-1: Foul Ball, location: 2F
0-2: Strikes out swinging
Bottom of the 6th over - 4 run(s), 4 hit(s), 0 error(s), 2 left on base; Manhatten 1 - Cincinnati 9
TOP OF THE 7TH
Manhatten Meatheads batting - Pitching for Cincinnati Pride : RHP Basilio Bea
Batting: SHB José Sousa 0-0: Ball
1-0: Called Strike
1-1: Fly out, F9 (Flyball, 9S)
Batting: RHB Tim Bonner 0-0: Called Strike
0-1: Swinging Strike
0-2: Strikes out swinging
Batting: RHB José Esparza 0-0: Called Strike
0-1: Ball
1-1: Ball
2-1: Ball
3-1: Fly out, F9 (Flyball, 9S)
Top of the 7th over - 0 run(s), 0 hit(s), 0 error(s), 0 left on base; Manhatten 1 - Cincinnati 9
BOTTOM OF THE 7TH
Cincinnati Pride batting - Pitching for Manhatten Meatheads : RHP Glenn Ellison
Batting: RHB Francisco Domínguez 0-0: Called Strike
0-1: Swinging Strike
0-2: Strikes out swinging
Batting: RHB Gary Miller 0-0: Ground out 4-3 (Groundball, 4)
Batting: SHB Keith Hale 0-0: Ball
1-0: Foul Ball, location: 2F
1-1: Ball
2-1: Foul Ball, location: 2F
2-2: SINGLE (Groundball, 34D)
Batting: RHB Dan McKay 0-0: Called Strike
0-1: Swinging Strike
0-2: Ball
1-2: DOUBLE (Flyball, 78M)
Keith Hale to third
Batting: LHB Will O'Dell 0-0: Ball
1-0: Foul Ball, location: 2F
1-1: Ball
2-1: Called Strike
2-2: Foul Ball, location: 2F
2-2: Ball
3-2: Base on Balls
Batting: RHB Jorge Flores 0-0: Ball
1-0: Swinging Strike
1-1: Foul Ball, location: 2F
1-2: Strikes out looking
Bottom of the 7th over - 0 run(s), 2 hit(s), 0 error(s), 3 left on base; Manhatten 1 - Cincinnati 9
TOP OF THE 8TH
Manhatten Meatheads batting - Pitching for Cincinnati Pride : RHP Basilio Bea
Batting: LHB Eric Dillard 0-0: Ball
1-0: Fly out, F9 (Flyball, 89S)
Batting: RHB George Green 0-0: Ball
1-0: Fly out, F8 (Flyball, 8LD)
Batting: LHB Manuel Ortega 0-0: Ball
1-0: Fly out, F9 (Flyball, 9LSF)
Top of the 8th over - 0 run(s), 0 hit(s), 0 error(s), 0 left on base; Manhatten 1 - Cincinnati 9
BOTTOM OF THE 8TH
Cincinnati Pride batting - Pitching for Manhatten Meatheads : RHP Glenn Ellison
Batting: LHB John Clark 0-0: Ball
1-0: Fly out, F9 (Flyball, 89D)
Batting: RHB Bartolo Montero 0-0: Ball
1-0: Fly out, F7 (Flyball, 78D)
Batting: LHB Carl Hayden 0-0: Called Strike
0-1: Called Strike
0-2: SOLO HOME RUN (Flyball, 8LD), Distance : 439 ft
Batting: RHB Francisco Domínguez 0-0: Ball
1-0: Called Strike
1-1: Called Strike
1-2: Strikes out looking
Bottom of the 8th over - 1 run(s), 1 hit(s), 0 error(s), 0 left on base; Manhatten 1 - Cincinnati 10
TOP OF THE 9TH
Manhatten Meatheads batting - Pitching for Cincinnati Pride : RHP Basilio Bea
Now at 1B: George Martin
Now in LF: José Antonio Delgado
Batting: RHB Jeff Vickers 0-0: Ball
1-0: Ball
2-0: Fly out, F8 (Flyball, 78M)
Batting: RHB Manny Velásquez 0-0: Called Strike
0-1: Called Strike
0-2: Ball
1-2: Ball
2-2: Foul Ball, location: 2F
2-2: Ball
3-2: Base on Balls
Pitching: LHP Ángel Árias
Batting: LHB Brent Haynes 0-0: Called Strike
0-1: SINGLE (Line Drive, 6MD)
Manny Velásquez to second
Batting: SHB José Sousa 0-0: Ball
Wild Pitch!
Manny Velásquez to third
Brent Haynes to second
1-0: Called Strike
1-1: Swinging Strike
1-2: Foul Ball, location: 2F
1-2: Ball
2-2: Strikes out looking
Batting: RHB Tim Bonner 0-0: Ball
1-0: Ground out 5-3 (Groundball, 56)
Top of the 9th over - 0 run(s), 1 hit(s), 0 error(s), 2 left on base; Manhatten 1 - Cincinnati 10
Tuesday, August 8th, 2017 - OOTP Baseball 17.12 Build 75